 Dungeon Crawl Stone Soup version 0.25-a0-523-g9afb2ee040 (webtiles) character file.

Game seed: 1391899595038774006, levelgen mode: classic

9909 EnegeticOcto the Cleaver (level 11, -25/106 HPs)
             Began as a Deep Dwarf Fighter on Feb 18, 2020.
             Was the Champion of Jiyva.
             Annihilated by an orc knight
             ... wielding a +0 long sword
              (28 damage)
             ... on level 2 of the Orcish Mines.
             The game lasted 00:06:01 (7030 turns).

EnegeticOcto the Cleaver (Deep Dwarf Fighter)       Turns: 7030, Time: 00:06:02

Health: -25/106    AC: 10    Str: 29 (30) XL:     11   Next: 29%
Magic:  0/0        EV:  9    Int:  8 (13) God:    Jiyva [******]
Gold:   520        SH: 11    Dex:  9 (12) Spells: 10/10 levels left

rFire    x . .     SeeInvis .   a - +0 war axe
rCold    + . .     Gourm    .   c - +0 kite shield
rNeg     . . .     Faith    .   l - +0 chain mail
rPois    +         Spirit   .   (no helmet)
rElec    .         Reflect  .   (no cloak)
rCorr    +         Harm     .   u - +0 pair of gloves
MR       +....                  r - +1 pair of boots
Stlth    ..........             (no amulet)
HPRegen  0.00/turn              v - ring of Gaym {Ice *Slow rPois Int+4 Slay+3}
MPRegen  0.07/turn              (no ring)

@: mighty, corroded, non-regenerating, drained
A: damage resistance, heal wounds, thin skeletal structure 1, sense surroundings
2, tendrils, no regeneration
a: Heal Wounds, Request Jelly, Slimify, Cure Bad Mutation, Renounce Religion


You were on level 2 of the Orcish Mines.
You worshipped Jiyva.
Jiyva was exalted by your worship.
You were completely stuffed.

You visited 3 branches of the dungeon, and saw 14 of its levels.

You collected 520 gold pieces.

Inventory:

Hand Weapons
 a - a +0 war axe (weapon)
Armour
 c - a +0 kite shield (worn)
 l - a +0 chain mail (worn)
 r - a +1 pair of boots (worn)
 u - a +0 pair of gloves (worn)
Jewellery
 v - the ring of Gaym (left hand) {Ice *Slow rPois Int+4 Slay+3}
   (You found it on level 8 of the Dungeon)

   [ring of ice]

   It enhances your ice magic.
   It affects your intelligence (+4).
   It affects your accuracy and damage with ranged weapons and melee attacks
   (+3).
   It makes you vulnerable to fire.
   It protects you from cold.
   It protects you from poison.
   It may slow you when you take damage.
Wands
 j - a wand of polymorph (20)
 w - a wand of acid (9) {@V1}
Scrolls
 d - 5 scrolls of teleportation {@r2}
 f - 3 scrolls of magic mapping {@r5}
 g - a scroll of fear
 i - 4 scrolls of remove curse {@r6}
 o - 2 scrolls of enchant armour
Potions
 k - a potion of might {@q3}
 m - 2 potions of resistance {@q6}
 n - 2 potions of curing {unknown}
 p - a potion of lignification {@q7}
 s - 2 potions of ambrosia
 t - a potion of berserk rage
Comestibles
 e - 17 rations


   Skills:
 * Level 9.0(8.0) Fighting
 * Level 10.3(9.3) Axes
 + Level 7.8(6.9) Armour
 + Level 6.8(5.9) Dodging
 + Level 8.0(7.1) Shields
 + Level 6.1(5.3) Evocations


You had 10 spell levels left.
You didn't know any spells.
Your spell library was empty.

Dungeon Overview and Level Annotations

Branches:
Dungeon (11/15)            Temple (1/1) D:6            Lair (0/6) D:8
    Orc (2/2) D:11            Elf (0/3) Orc:2

Altars:
Ashenzari
Dithmenos
Fedhas
Gozag
Hepliaklqana
Kikubaaqudgha
Makhleb
Nemelex Xobeh
Okawaru
Qazlal
Ru
Sif Muna
Uskayaw
Vehumet
Wu Jian
Xom
Yredelemnul
Jiyva

Shops:
D:9 [}

Annotations:
Orc:2 1 exclusion


Innate Abilities, Weirdness & Mutations

You are resistant to damage.
You can heal yourself by infusing magical energy.
You passively map the area around you.
You do not regenerate.
You have a somewhat thin skeletal structure. (Dex +2, Stealth)
You are covered in slimy tendrils that may disarm your opponents.


Message History

You block the orc high priest's attack. The soul eater hits you!
You feel drained.
The jelly hits the orc high priest but does no damage.
The ice devil hits the jelly.
The ice devil freezes the jelly!
The ice devil is burned by acid!
You feel very mighty all of a sudden. You block the orc sorcerer's attack.
The orc warrior hits you from afar with a +0 trident!!
* * * LOW HITPOINT WARNING * * *
The orc warrior hits you but does no damage.
You block the soul eater's attack. You block the orc high priest's attack.
The jelly hits the ice devil.
The ice devil is splashed with acid.
The acid corrodes the ice devil!
You hear a distant slurping noise.
Jiyva appreciates your sacrifice.
You feel a little less hungry.
You feel better.
You feel a little less hungry.
You feel better. Jiyva appreciates your sacrifice.
You feel a little less hungry.
The ice devil hits the jelly.
The ice devil freezes the jelly!
The ice devil is burned by acid!
An orc priest comes into view. It is wielding a +0 club.
You feel much better.
The orc knight roars a battlecry!
The orc knight goes into a battle-frenzy!
The orc sorcerer closely misses you.
The orc high priest mumbles some strange prayers to Beogh.
The orc warrior hits you from afar with a +0 trident!
You block the soul eater's attack. You block the orc warrior's attack.
The jelly hits the ice devil.
The ice devil is splashed with acid.
The ice devil seems to be corroded for longer.
The orc priest looks encouraged for a moment.
The orc high priest prays to Beogh.
The ice devil completely misses the jelly.
You feel much better. The orc sorcerer closely misses you.
Your tendrils lash around the orc sorcerer's +0 dagger and pull it to the ground!
You block the orc warrior's attack. The soul eater hits you!
The jelly closely misses the ice devil.
You block the orc high priest's attack.
Your tendrils lash around the orc high priest's +0 flail and pull it to the ground!
The orc warrior hits you from afar with a +0 halberd!!
The ice devil hits the jelly!
The jelly dies!
Your magical essence is drained by the effort!
You feel much better. You block the orc knight's attack.
The orc sorcerer hits you! The soul eater completely misses you.
You block the orc warrior's attack.
You hear a distant slurping noise.
Jiyva appreciates your sacrifice.
You feel a little less hungry.
You feel better.
You feel a little less hungry.
You feel better.
You hear a squelching noise.
You closely miss the orc high priest.
The orc high priest is heavily wounded.
You hit the orc knight but do no damage.
You slash the chaos spawn! You barely miss the rust devil.
You barely miss the orc sorcerer. You slash the soul eater!
The orc high priest mumbles some strange prayers to Beogh against you.
Beogh smites you! The rust devil hits you. The rust devil corrodes you!
You block the chaos spawn's attack. You block the orc warrior's attack.
An orc priest comes into view. It is wielding a +0 dagger.
The orc sorcerer hits you! The orc knight barely misses you.
The soul eater hits you but does no damage.
The orc knight roars a battlecry!
The orc priest goes into a battle-frenzy!
The orc warrior hits you from afar with a +0 trident!!
The orc priest mumbles some strange prayers to Beogh against you.
Beogh smites you!
* * * LOW HITPOINT WARNING * * *
The rust devil barely misses you. The chaos spawn gores you!
* * * LOW HITPOINT WARNING * * *
The chaos spawn freezes you. You resist.
* * * LOW HITPOINT WARNING * * *
The orc high priest barely misses you.
You are too injured to fight recklessly!
You are too injured to fight recklessly!
You are too injured to fight recklessly!
You are too injured to fight recklessly!
You are too injured to fight recklessly!
You are too injured to fight recklessly!
You are too injured to fight recklessly!
You are too injured to fight recklessly!
You are too injured to fight recklessly!
You don't have enough innate magic capacity.
You don't have enough innate magic capacity.
You are too injured to fight recklessly!
You are too injured to fight recklessly!
You are too injured to fight recklessly!
You are too injured to fight recklessly!
You don't have enough innate magic capacity.
You don't have enough innate magic capacity.
Your chain mail prevents you from hitting the orc sorcerer.
The orc sorcerer is moderately wounded.
Your shield and chain mail prevent you from hitting the rust devil.
You barely miss the chaos spawn.
You hit the orc knight but do no damage.
Your chain mail prevents you from hitting the orc high priest.
You barely miss the soul eater. You block the orc sorcerer's attack.
The orc warrior hits you from afar with a +0 halberd!
* * * LOW HITPOINT WARNING * * *
The orc knight hits you with a +0 long sword!!
You die...

#....#.........................
##...#......#...................
##...............................
#................................
...#.............................
..........................#......
.......................#.##......
...............o4........###.....
.#.#..........oo@................
#.###..........3o4...............
...#.........ooo..<..............
..^..........4.4.................
................#..............#.
.......#...4o.............#......
........J..o..............#....#.
.......J.............#.#.........
......... , ,...................


You could see 2 orc knights, a soul eater, 2 orc high priests, an orange demon,
an ice devil, a rust devil, 2 chaos spawn, an orc sorcerer, 2 orc warriors and 2
orc priests.

Vanquished Creatures
  A death knight (D:11)
  A two-headed ogre (D:9)
  An orc knight (Orc:2)
  Joseph (D:8)
  A centaur skeleton (D:11)
  A komodo dragon (D:11)
  A troll (D:9)
  Grinder (D:3)
  A meliai zombie (D:11)
  Sigmund (D:5)
  9 yaks
  Eustachio (D:5)
  A human (D:7)
  3 hogs (D:7)
  2 hungry ghosts
  Edmund (D:6)
  6 orc warriors
  A sky beast (D:11)
  3 ice beasts
  A phantom (D:8)
  A black bear (D:9)
  9 ogres
  A big kobold (D:4)
  Blork the orc (D:6)
  A wyvern zombie (D:11)
  4 bullfrogs
  A gnoll sergeant (D:6)
  2 scorpions
  5 killer bees (D:9)
  8 wights
  A centaur zombie (D:11)
  A crimson imp (D:10)
  6 orc priests
  3 hounds
  A bullfrog skeleton (D:11)
  Terence (D:3)
  2 iguanas
  8 orc wizards
  11 worker ants
  A hound zombie (D:10)
  A hound skeleton (D:4)
  3 gnolls (D:6)
  2 howler monkey skeletons
  9 adders
  A shadow imp (D:11)
  2 adder zombies
  4 adder skeletons
  3 worms
  A dart slug (D:3)
  3 leopard geckos
  35 orcs
  3 giant cockroaches
  3 goblins
  4 hobgoblins
  18 jackals
  3 quokkas
  A ball python (D:4)
  5 bats
  4 frilled lizards
  A jackal skeleton (D:4)
  4 kobolds
  2 leopard gecko skeletons
  A quokka skeleton (D:6)
  3 rats
222 creatures vanquished.

Vanquished Creatures (others)
  An unseen horror (D:10)
  A black bear (D:8)
  2 centaurs
  3 bullfrogs
  A water moccasin zombie (D:10)
  A scorpion (D:7)
  6 killer bees (D:8)
  A crimson imp (D:11)
  A hound (D:9)
  18 jellies
  A bullfrog skeleton (D:8)
  2 iguanas
  2 worker ants
  A howler monkey skeleton (D:7)
  3 adders
  A shadow imp (D:6)
  5 orcs
  A giant cockroach (D:7)
  A jackal skeleton (D:8)
  A bush (D:11)
53 creatures vanquished.

Grand Total: 275 creatures vanquished

Notes
Turn   | Place    | Note
-------+----------+-------------------------------------------
     0 | D:1      | EnegeticOcto the Deep Dwarf Fighter began the quest for the
                  | Orb.
     0 | D:1      | Reached XP level 1. HP: 20/20 MP: 1/1
   138 | D:2      | Found a hazy altar of Hepliaklqana.
   190 | D:2      | Reached XP level 2. HP: 27/27 MP: 2/2
   295 | D:2      | Reached XP level 3. HP: 20/34 MP: 3/3
   444 | D:2      | Found a sacrificial altar of Ru.
   516 | D:2      | Reached skill level 1 in Dodging
   532 | D:2      | Found an ornate altar of the Wu Jian Council.
   668 | D:3      | Reached skill level 3 in Axes
   697 | D:3      | Reached XP level 4. HP: 38/42 MP: 3/3
   846 | D:3      | Noticed Grinder
   853 | D:3      | Paralysed by Grinder for 2 turns
   870 | D:3      | Reached XP level 5. HP: 25/50 MP: 3/3
   873 | D:3      | Killed Grinder
   873 | D:3      | Reached skill level 4 in Axes
   873 | D:3      | Reached XP level 6. HP: 27/57 MP: 4/4
  1011 | D:3      | Found a blossoming altar of Fedhas.
  1018 | D:3      | Noticed Terence
  1024 | D:3      | Killed Terence
  1047 | D:4      | Found a shadowy altar of Dithmenos.
  1108 | D:4      | Reached XP level 7. HP: 62/66 MP: 4/4
  1180 | D:4      | Found a sparkling altar of Nemelex Xobeh.
  1207 | D:4      | Reached skill level 5 in Axes
  1415 | D:4      | Reached skill level 5 in Fighting
  1610 | D:5      | Entered Level 5 of the Dungeon
  1616 | D:5      | Found a radiant altar of Vehumet.
  1638 | D:5      | Noticed Sigmund
  1640 | D:5      | Noticed Eustachio
  1646 | D:5      | Reached skill level 5 in Shields
  1665 | D:5      | Killed Eustachio
  1688 | D:5      | Killed Sigmund
  1688 | D:5      | Reached skill level 5 in Armour
  1688 | D:5      | Reached XP level 8. HP: 51/75 MP: 3/3
  1736 | D:5      | Reached skill level 6 in Axes
  1756 | D:5      | Found an opulent altar of Gozag.
  1843 | D:5      | Found a shattered altar of Ashenzari.
  2487 | D:6      | Found a staircase to the Ecumenical Temple.
  2528 | Temple   | Entered the Ecumenical Temple
  2638 | Temple   | Became a worshipper of Jiyva Jimoic the Shapeless
  2772 | D:6      | Found an iron altar of Okawaru.
  2823 | D:6      | Noticed Edmund
  2848 | D:6      | Killed Edmund
  2989 | D:6      | Found a stormy altar of Qazlal.
  2990 | D:6      | Noticed an air elemental
  3007 | D:6      | Noticed Blork the orc
  3015 | D:6      | Killed Blork the orc
  3017 | D:6      | Reached * piety under Jiyva
  3322 | D:7      | Reached skill level 7 in Axes
  3322 | D:7      | Reached skill level 1 in Evocations
  3376 | D:7      | Found an ancient bone altar of Kikubaaqudgha.
  3401 | D:7      | Reached ** piety under Jiyva
  3452 | D:7      | Gained mutation: You passively map the area around you.
                  | [Deep Dwarf growth]
  3452 | D:7      | Reached XP level 9. HP: 63/84 MP: 3/5
  3705 | D:7      | Reached skill level 5 in Dodging
  3829 | D:7      | Found a basalt altar of Yredelemnul.
  4016 | D:8      | Noticed Joseph
  4032 | D:8      | Reached *** piety under Jiyva
  4060 | D:8      | Killed Joseph
  4060 | D:8      | Reached skill level 8 in Axes
  4090 | D:8      | Found a staircase to the Lair.
  4382 | D:8      | Got an ancient gossamer ring
  4636 | D:8      | Identified the ring of Gaym {Ice *Slow rPois Int+4 Slay+3}
                  | (You found it on level 8 of the Dungeon)
  4780 | D:9      | Noticed a two-headed ogre
  4791 | D:9      | Killed a two-headed ogre
  4791 | D:9      | Reached XP level 10. HP: 77/94 MP: 2/4
  4842 | D:9      | Found Nixzutuj's Armour Emporium.
  4874 | D:9      | Reached **** piety under Jiyva
  5104 | D:9      | Found Dadeatig's Gadget Shop.
  5175 | D:9      | Gained mutation: You have a somewhat thin skeletal
                  | structure. (Dex +2, Stealth) [Jiyva's grace]
  5474 | D:10     | Entered Level 10 of the Dungeon
  5574 | D:10     | Reached skill level 9 in Axes
  5801 | D:10     | Gained mutation: You have a small jelly attached to you
                  | that may absorb incoming projectiles. [Jiyva's grace]
  5801 | D:10     | Reached ***** piety under Jiyva
  5845 | D:10     | Killed an unseen horror
  5866 | D:10     | Gained mutation: Your body sometimes deteriorates upon
                  | taking damage. [Jiyva's grace]
  6099 | D:11     | Reached skill level 5 in Evocations
  6224 | D:11     | Noticed a death knight
  6271 | D:11     | Killed a death knight
  6271 | D:11     | Reached XP level 11. HP: 66/104 MP: 5/5
  6361 | D:11     | Reached skill level 10 in Axes
  6416 | D:11     | Found a staircase to the Orcish Mines.
  6441 | Orc:1    | Entered Level 1 of the Orcish Mines
  6565 | Orc:2    | Entered Level 2 of the Orcish Mines
  6600 | Orc:2    | Found a staircase to the Elven Halls.
  6764 | Orc:2    | Noticed an orc knight
  6822 | Orc:2    | Killed an orc knight
  6838 | Orc:2    | Lost mutation: Your body sometimes deteriorates upon taking
                  | damage. [Jiyva's grace]
  6838 | Orc:2    | Reached ****** piety under Jiyva
  6943 | Orc:2    | Lost mutation: You have a small jelly attached to you that
                  | may absorb incoming projectiles. [Jiyva's grace]
  6989 | Orc:2    | Gained mutation: You are covered in slimy tendrils that may
                  | disarm your opponents. [Jiyva's grace]
  7014 | Orc:2    | Noticed an orc high priest
  7015 | Orc:2    | Noticed an orc sorcerer
  7017 | Orc:2    | Noticed a soul eater
  7017 | Orc:2    | Noticed an orc knight
  7021 | Orc:2    | Noticed an orc knight
  7022 | Orc:2    | Noticed an orc high priest
  7030 | Orc:2    | HP: 3/106 [orc warrior/+0 halberd (12)]
  7030 | Orc:2    | Annihilated by an orc knight

Levels and vault maps discovered:
D:1:      matt_arrival_spirals, layout_basic, serial_rivers,
          chequers_serial_rivers_micro_d, chequers_serial_rivers_micro_c,
          chequers_serial_rivers_small_3, chequers_serial_rivers_small_b
D:2:      layout_loops_corners, nicolae_ru_path_of_blood, lemuel_doored_altar,
          marbit_many_paths, zin_academy, first_ration,
          minmay_misc_feat_ornament, minmay_tree_intersection
D:3:      layout_rooms, fedhas_ov_isle_minmay, grunt_ministairs_1,
          minmay_curled_crystal, minmay_misc_feat_more_columns,
          lightli_corner_chamber, uniq_grinder, uniq_terence
D:4:      cheibrodos_barr_body, layout_rooms, nicolae_overflow_crystal_walls,
          nemelex_altar_shiori
D:5:      layout_layer_cave, lemuel_round_altar, nicolae_gozag_seed_capital,
          vehumet_crystals, moated_statue, uniq_eustachio, uniq_sigmund
D:6:      layout_loops_ring, nicolae_qazlal_style_of_elements,
          minmay_temple_entry_stoned_glass, lemuel_altar_in_water, uniq_edmund,
          uniq_blork_the_orc
D:7:      layout_loops_ring, kennysheep_mini, kiku_gazebo_pond_becter,
          grunt_livestock
D:8:      layout_loops_ring, lair_entry_dummy, minmay_misc_feat_x, hex_medium,
          uniq_joseph
D:9:      layout_stronghold, serial_shops, shop, shop
D:10:     layout_loops_ring
D:11:     layout_loops_ring, orc_0_dummy, kb_lookout_dungeons_type,
          nrook_mini_vaults
Temple:   pf_slime_end_temple
Orc:1:    layout_caves, basic_altar, nicolae_orc_bridge_out
Orc:2:    grunt_orc_tribal_feast, layout_caves

Skill      XL: |  1  2  3  4  5  6  7  8  9 10 11 |
---------------+----------------------------------+-----
Fighting       | 3 4 5 6 7 8 9 |  9.0
Dodging        | 1 2 3 4 5 6 |  6.8
Axes           | 3 4 5 7 8 9 10 | 10.3
Shields        | 4 5 6 7 8 |  8.0
Armour         | 4 5 6 7 |  7.8
Evocations     | 1 4 5 6 |  6.1

Action                   |  1- 3 |  4- 6 |  7- 9 | 10-12 || total
-------------------------+-------+-------+-------+-------++-------
Melee: War axe           |   103 |   112 |   465 |   370 ||  1050
 Abil: Heal Wounds       |     3 |     8 |    20 |    29 ||    60
Evoke: Wand              |       |       |       |     3 ||     3
  Use: Scroll            |       |       |    11 |     3 ||    14
       Potion            |       |       |       |     1 ||     1
  Eat: Chunk             |       |     1 |    11 |     1 ||    13
Armor: Scale mail        |    49 |    74 |   167 |       ||   290
       Chain mail        |       |       |    15 |   142 ||   157
Dodge: Dodged            |    31 |    67 |   200 |   147 ||   445
Block: Kite shield       |    53 |    94 |   265 |   250 ||   662

Table legend:
 A = Non-vault XP
 B = Vault XP
 C = Vault XP percentage of total XP
 D = Non-vault monster count
 E = Vault monster count
 F = Vault count percentage of total count
                 A         B        C        D         E       F
            +---------+---------+-------+---------+---------+-------
      Total |   10508 |    3649 |  25.8 |     190 |      33 |  14.8
            +---------+---------+-------+---------+---------+-------
        D:1 |       6 |       0 |   0.0 |       4 |       0 |   0.0
        D:2 |      63 |       2 |   3.1 |      12 |       1 |   7.7
        D:3 |     271 |     320 |  54.1 |      27 |       4 |  12.9
        D:4 |     424 |      93 |  18.0 |      24 |       6 |  20.0
        D:5 |     445 |     430 |  49.1 |      17 |       2 |  10.5
        D:6 |     160 |     223 |  58.2 |      12 |       2 |  14.3
        D:7 |     616 |     975 |  61.3 |       9 |       5 |  35.7
        D:8 |     499 |     508 |  50.4 |       8 |       1 |  11.1
        D:9 |    1661 |       0 |   0.0 |      13 |       0 |   0.0
       D:10 |    1632 |       0 |   0.0 |      14 |       0 |   0.0
       D:11 |    3538 |       0 |   0.0 |      24 |       0 |   0.0
      Orc:1 |     409 |       0 |   0.0 |       9 |       0 |   0.0
      Orc:2 |     784 |    1098 |  58.3 |      17 |      12 |  41.4
            +---------+---------+-------+---------+---------+-------
